 Dungeon Crawl Stone Soup version 0.13-a0-2531-g2ad9301 (webtiles) character file.

615 Rycklaryybbe the Covert (level 6, -3/44 HPs)
             Began as a Vampire Skald on July 26, 2013.
             Slain by an ice beast (14 damage)
             ... on Level 5 of the Dungeon.
             The game lasted 00:12:52 (3911 turns).

Rycklaryybbe the Covert (Vampire Skald)             Turns: 3911, Time: 00:12:52

HP  -3/44        AC  4     Str 11      XL: 6   Next: 40%
MP  12/12        EV 12     Int 16      God:
Gold 249         SH  0     Dex 13      Spells:  2 memorised,  6 levels left

Res.Fire  : . . .   See Invis. : +   a - +0 short sword
Res.Cold  : . . .   Warding    : .   p - +2 elf robe
Life Prot.: . . .   Conserve   : .   (no shield)
Res.Poison: .       Res.Corr.  : .   r - +0 cap
Res.Elec. : .       Clarity    : .   (no cloak)
Sust.Abil.: . .     Spirit.Shd : .   (no gloves)
Res.Mut.  : .       Stasis     : .   (no boots)
Res.Rott. : .       Flight     : .   (no amulet)
Saprovore : . . .                    (no ring)
                                     v - +4,+5 ring of slaying {unknown}

@: regenerating quickly, slightly resistant to hostile enchantments, extremely
stealthy
A: bottle blood, fangs 3, see invisible, unbreathing
a: Bottle Blood


You were on level 5 of the Dungeon.
You were full.

You visited 1 branch of the dungeon, and saw 5 of its levels.

You collected 229 gold pieces.

Inventory:

Hand weapons
 a - a +0,+0 short sword (weapon)
 d - a +0 blowgun
Missiles
 w - 27 poisoned needles
 x - 3 curare-tipped needles
Armour
 p - a +2 elven robe (worn)
 r - a +0 cap (worn)
Scrolls
 b - a scroll of recharging {unknown}
 e - 5 scrolls of teleportation {unknown}
 g - a scroll of enchant armour {unknown}
 j - a scroll of blinking {unknown}
 k - 4 scrolls of remove curse
 l - 2 scrolls of amnesia {unknown}
 n - 3 scrolls of identify {unknown}
 u - a scroll of curse armour {unknown}
 y - a scroll of enchant weapon I {unknown}
 z - a scroll of random uselessness {unknown}
 A - a scroll of fear {unknown}
 B - a scroll of curse jewellery {unknown}
Jewellery
 v - a +4,+5 ring of slaying (left hand) {unknown}
Potions
 f - a potion of speed {unknown}
 h - 3 potions of restore abilities {unknown}
 i - 2 potions of curing {unknown}
 m - a potion of paralysis {unknown}
 o - 2 potions of heal wounds {unknown}
 s - a potion of might {unknown}
 t - 2 potions of poison {unknown}
Books
 c - a book of Battle

   Spells                             Type                      Level
   *Infusion                          Charms                       1
   *Shroud of Golubria                Charms/Translocation         2
   Song of Slaying                    Charms                       2
   Spectral Weapon                    Hexes/Charms                 3
   Regeneration                       Charms/Necromancy            3
   Song of Shielding                  Charms                       4


   Skills:
 - Level 1.7 Fighting
 - Level 2.1 Short Blades
 - Level 0.7 Armour
 - Level 1.1 Dodging
 + Level 10.1 Stealth
 - Level 2.0 Spellcasting
 - Level 3.2 Charms


You had 6 spell levels left.
You knew the following spells:

 Your Spells              Type           Power        Failure   Level  Hunger
a - Infusion              Chrm           ##....       8%          1    #......
b - Shroud of Golubria    Chrm/Tloc      #.........   17%         2    ###....


Dungeon Overview and Level Annotations

Branches:
Dungeon (5/27)
 Temple: D:4-7

Altars:
Fedhas

Annotations
D:4 Edmund


Innate Abilities, Weirdness & Mutations

Your natural rate of healing is unusually fast.
You can bottle blood from corpses.
You have razor-sharp teeth.*
You have supernaturally acute eyesight.
You can survive without breathing.*


Message History

The ice beast barely misses you.
You barely miss the ice beast.
The ice beast is moderately wounded.
The ice beast hits you. The ice beast freezes you!
You hit the ice beast.
You bite the ice beast, but do no damage.
The ice beast is moderately wounded.
The ice beast hits you.
* * * LOW HITPOINT WARNING * * *
The ice beast freezes you!
Your inky potion freezes and shatters!
* * * LOW HITPOINT WARNING * * *
Drink which item? (? for menu, Esc to quit)
Okay, then.
You see here a ball python corpse.
You are feeling less magically infused.
Your attacks are no longer magically infused.
The ice beast hits you.
* * * LOW HITPOINT WARNING * * *
The ice beast freezes you!
You die...

#.# #.......... # #.#
#.<........ #.########.#
#.......... #..........#
#...##.##.. #.....)....#
#...# #
#......<...#####...##.##
#..........%...........#
#..........#####.......#
#.........@# #.......#
#.........I#####.......#
#.#.......................
# #......#.##............[
#......#.##.........###
#......#.##.........#
#......................
#......#.##.........##
......................


You could see an ice beast.

Vanquished Creatures
  An ogre (D:4)
  The ghost of Somebody the Magician, a weakling GrSk (D:4)
  A hound (D:5)
  A centaur skeleton (D:4)
  An orc wizard (D:3)
  2 worker ants (D:4)
  3 adders
  7 giant geckos
  2 oozes
  8 orcs
  10 bats
  4 giant cockroaches
  8 hobgoblins
  2 jackals (D:3)
  2 quokkas
  A ball python (D:5)
  4 giant newts
  6 goblins
  2 hobgoblin skeletons (D:4)
  9 kobolds
  12 rats
87 creatures vanquished.

Notes
Turn   | Place    | Note
--------------------------------------------------------------
     0 | D:1      | Rycklaryybbe, the Vampire Skald, began the quest for the Orb.
     0 | D:1      | Reached XP level 1. HP: 15/15 MP: 4/4
    89 | D:1      | Reached skill level 1 in Stealth
   579 | D:1      | Reached XP level 2. HP: 7/21 MP: 3/6
   583 | D:1      | Learned a level 2 spell: Shroud of Golubria
   993 | D:1      | Reached skill level 4 in Stealth
  1178 | D:1      | Reached XP level 3. HP: 23/26 MP: 7/7
  1949 | D:3      | Reached skill level 5 in Stealth
  2315 | D:3      | Reached XP level 4. HP: 32/32 MP: 9/9
  2464 | D:3      | Reached skill level 6 in Stealth
  2788 | D:4      | Reached skill level 7 in Stealth
  2808 | D:4      | Noticed Edmund
  2832 | D:4      | Noticed Somebody's ghost (weakling GrSk)
  2853 | D:4      | Killed Somebody's ghost
  2853 | D:4      | Reached XP level 5. HP: 11/38 MP: 2/10
  2974 | D:4      | Found a blossoming altar of Fedhas.
  2998 | D:4      | Reached skill level 8 in Stealth
  3110 | D:4      | Noticed an ogre
  3350 | D:4      | Noticed an ogre
  3355 | D:4      | Killed an ogre
  3355 | D:4      | Reached skill level 9 in Stealth
  3355 | D:4      | Reached XP level 6. HP: 44/44 MP: 12/12
  3815 | D:5      | Entered Level 5 of the Dungeon
  3847 | D:5      | Reached skill level 10 in Stealth
  3911 | D:5      | Slain by an ice beast

Action                   |  1- 3 |  4- 6 || total
-------------------------+-------+-------++-------
Melee: Short sword       |   111 |    95 ||   206
       Whip              |    39 |       ||    39
 Cast: Infusion          |    22 |    13 ||    35
       Shroud of Golubri |       |     4 ||     4
  Use: Scroll            |     2 |       ||     2
 Stab: Sleeping          |     5 |     8 ||    13
       Distracted        |     2 |       ||     2
